Map: Dreamcatcher LE

Players

PtitDrogo - Winner!

  • Race: Protoss Protoss
  • Spawn Location: 11:00

Daydreamer

  • Race: Protoss Protoss
  • Spawn Location: 5:00

Event: WCS Montreal 2018

VOD

Have the link to the VOD?

Description

Time

  • Played on: Sept. 7, 2018, 1:42 p.m.
  • Length: 8:15

All games in this series

Show
View Real Time Build Order
Export as new Build Order

PtitDrogo Protoss - Winner!

Build Orders:  

Get SALT Encoding   

  12  0:00  Probe  
  13  0:13  Probe  
  14  0:17  Pylon  
  14  0:24  Probe  
  15  0:32  Probe  
  15  0:37  Gateway  
  15  0:40  Probe  
  16  0:45  Assimilator  
  17  0:50  Probe  
  17  0:54  Assimilator  
  18  0:58  Probe  
  19  1:07  Probe  
  20  1:17  Gateway, Probe  
  20  1:24  Cybernetics Core  
  21  1:29  Probe  
  22  1:38  Pylon  
  22  1:42  Probe  
  22  1:45  Warp Gate  
  23  1:56  Probe  
  23  2:00  Stalker  
  26  2:03  Stalker  
  28  2:15  Pylon  
  28  2:30  Stalker  
  28  2:33  Stalker  
  32  2:54  Nexus  
  32  2:55  Probe  
  33  3:01  Sentry  
  33  3:04  Sentry  
  37  3:11  Pylon  
  37  3:16  Shield Battery  
  37  3:19  Shield Battery  
  37  3:33  Robotics Facility  
  37  3:48  Stalker x2  
  41  3:58  Probe  
  42  4:06  Probe  
  43  4:12  Stalker x2  
  43  4:14  Observer  
  46  4:41  Probe x2  
  46  4:42  Observer  
  52  4:47  Pylon  
  52  4:51  Stalker x2  
  53  4:53  Probe  
  53  4:54  Probe  
  55  5:02  Immortal  
  55  5:05  Probe  
  55  5:06  Probe  
  61  5:09  Shield Battery  
  61  5:11  Pylon  
  60  5:18  Probe x2  
  62  5:30  Probe  
  62  5:34  Probe  
  64  5:37  Gateway, Sentry  
  64  5:39  Stalker  
  64  5:42  Probe  
  69  5:43  Warp Prism  
  69  5:51  Probe  
  69  5:52  Pylon  
  69  5:56  Pylon  
  72  6:03  Pylon  
  72  6:08  Assimilator x2  
  72  6:10  Probe x2  
  74  6:23  Immortal, Adept x2  
  74  6:24  Probe  
  79  6:30  Probe  
  84  6:36  Probe  
  85  6:44  Probe  
  86  6:49  Twilight Council, Forge  
  86  6:59  Stalker x3  
  92  7:15  Gateway  
  92  7:17  Gateway  
  92  7:18  Shield Battery  
  92  7:19  Shield Battery  
  92  7:25  Stalker  
  94  7:34  Photon Cannon  
  94  7:50  Zealot  
  78  8:07  Stalker x2  
Show
View Real Time Build Order
Export as new Build Order

Daydreamer Protoss 

Build Orders: Zealot Archon, Dark Templar Rush 

Get SALT Encoding   

  12  0:00  Probe  
  13  0:13  Probe  
  14  0:17  Pylon  
  14  0:25  Probe  
  15  0:34  Probe  
  15  0:38  Gateway  
  16  0:43  Probe  
  16  0:45  Assimilator  
  17  0:52  Probe  
  17  0:54  Assimilator  
  18  1:04  Probe  
  19  1:11  Gateway  
  19  1:16  Probe  
  20  1:25  Cybernetics Core  
  20  1:28  Probe  
  21  1:36  Pylon  
  21  1:42  Probe  
  22  1:54  Pylon  
  22  1:56  Warp Gate  
  22  2:01  Stalker  
  24  2:02  Stalker  
  26  2:16  Twilight Council  
  26  2:24  Probe  
  27  2:42  Shield Battery  
  27  2:43  Robotics Facility  
  27  2:58  Dark Shrine  
  27  3:04  Gateway  
  27  3:10  Gateway  
  27  3:17  Pylon  
  27  3:20  Warp Prism  
  29  4:11  Dark Templar x2  
  29  4:12  Dark Templar  
  33  4:38  Charge  
  31  4:46  Nexus  
  31  4:48  Immortal  
  31  4:52  Probe  
  36  5:17  Immortal  
  36  5:27  Dark Templar  
  42  5:28  Zealot x2  
  42  5:30  Pylon  
  42  5:33  Probe  
  47  5:50  Probe  
  47  5:56  Pylon  
  48  6:02  Probe  
  48  6:03  Probe  
  54  6:04  Immortal  
  54  6:08  Archon  
  54  6:15  Probe x2  
  56  6:26  Dark Templar  
  56  6:32  Probe  
  59  6:33  Warp Prism, Probe  
  60  6:45  Dark Templar  
  60  6:46  Zealot  
  64  6:52  Probe  
  64  6:53  Probe  
  66  6:57  Dark Templar  
  63  7:12  Archon  
  63  7:14  Probe x2  
  65  7:22  Stalker  
  63  7:23  Zealot  
  63  7:26  Probe  
  64  7:34  Zealot x2  
  30  8:07  Zealot x4  
Tags
 
Add a new tag
Caveats
  • Supply blocks, unpowered buildings, or Contaminate may cause inaccurate times.
  • Supply counts are checked every 10 seconds.